[Event "December 19 Late 2023"]
[Site "https://www.chess.com"]
[Date "2023.12.19"]
[Round "3"]
[White "Van Foreest, Jorden"]
[Black "Poormosavi, Seyed Kian"]
[Result "1-0"]
[Board "8"]
[TimeControl "180+1"]
[WhiteFideId "1039784"]
[BlackFideId "12585807"]
[WhiteElo "2664"]
[BlackElo "2296"]
[WhiteTeam "NED"]
[BlackTeam "IRI"]
[WhiteClock "0:01:41"]
[BlackClock "0:00:49"]

1. d4 Nf6 2. Nf3 b6 3. Bg5 Bb7 4. Nbd2 g6 5. Bxf6 exf6 6. g3 f5 7. Bg2 Bg7 8. e3 O-O 9. O-O d6 10. Ne1 Bxg2 11. Kxg2 c5 12. c3 Nc6 13. Qf3 Qc7 14. Nd3 Rfe8 15. Nf4 Rac8 16. h4 h5 17. Rfe1 Nd8 18. Nd5 Qc6 19. e4 cxd4 20. exf5 dxc3 21. bxc3 Be5 22. Ne4 Kg7 23. f6+ Kh7 24. Ne7 Qc4 25. Nxc8 Qxc8 26. Nxd6 1-0

[Event "December 19 Late 2023"]
[Site "https://www.chess.com"]
[Date "2023.12.19"]
[Round "3"]
[White "Ang, Ern Jie Anderson"]
[Black "Sarana, Alexey"]
[Result "0-1"]
[Board "9"]
[TimeControl "180+1"]
[WhiteFideId "5736200"]
[BlackFideId "24133795"]
[WhiteElo "1941"]
[BlackElo "2707"]
[WhiteTeam "MAS"]
[BlackTeam "SRB"]
[WhiteClock "0:00:13"]
[BlackClock "0:00:21"]

1. d4 Nf6 2. c4 e6 3. g3 d5 4. Bg2 Bb4+ 5. Nd2 O-O 6. Nf3 dxc4 7. Qc2 b5 8. a4 c6 9. axb5 Nd5 10. bxc6 Nxc6 11. Qxc4 Bb7 12. O-O Rc8 13. Qb3 a5 14. Nc4 Ba6 15. Rd1 Qe7 16. e4 Nf6 17. d5 exd5 18. exd5 Rfd8 19. Bg5 Qc5 20. Ne3 Ne7 21. Rac1 Qxc1 22. Rxc1 Rxc1+ 23. Bf1 Nexd5 24. Nxd5 Rxf1+ 25. Kg2 Rxd5 26. Bxf6 Rfd1 27. Bd4 Bf1+ 28. Kg1 Be2+ 29. Kg2 Bxf3+ 30. Qxf3 R1xd4 31. Qe3 Rd8 32. b3 Rd3 33. Qg5 h6 34. Qh4 Rd2 35. Qc4 Re8 36. h4 Ree2 37. Qc8+ Bf8 38. Kh3 Rxf2 39. h5 f5 40. Qc4+ Kh8 41. g4 Rf3+ 0-1

[Event "December 19 Late 2023"]
[Site "https://www.chess.com"]
[Date "2023.12.19"]
[Round "3"]
[White "Bardyk, Artem"]
[Black "Deac, Bogdan-Daniel"]
[Result "1/2-1/2"]
[Board "10"]
[TimeControl "180+1"]
[WhiteFideId "34349979"]
[BlackFideId "1226380"]
[WhiteElo "2300"]
[BlackElo "2641"]
[WhiteTeam "RUS"]
[BlackTeam "ROU"]
[WhiteClock "0:00:15"]
[BlackClock "0:00:07"]

1. e4 c6 2. Nf3 d5 3. exd5 cxd5 4. Ne5 a6 5. d4 Nc6 6. c3 g6 7. Nd2 Bg7 8. Ndf3 f6 9. Nxc6 bxc6 10. Bf4 Nh6 11. h4 O-O 12. Be2 Nf7 13. h5 e5 14. hxg6 hxg6 15. dxe5 fxe5 16. Be3 Rb8 17. Qd2 Qf6 18. O-O-O Nd6 19. Bh6 Ne4 20. Qe3 Bf5 21. Bxg7 Qxg7 22. Nh4 Nd6 23. Nxf5 Nxf5 24. Qc5 Qb7 25. b3 Qb6 26. Qxb6 Rxb6 27. Rh3 e4 28. Rdh1 a5 29. Rh8+ Kf7 30. R1h7+ Ng7 31. f3 exf3 32. Bxf3 Rbb8 33. Rxf8+ Rxf8 34. Rh4 Ra8 35. Ra4 Ne6 36. b4 Ke7 37. Kc2 Kd6 38. bxa5 Nc5 39. Ra3 Ra7 40. Be2 g5 41. a6 Kc7 42. Kd2 Kb6 43. Ke3 Re7+ 44. Kd2 Ka7 45. c4 d4 46. Bf3 Re6 47. Ra5 Nxa6 48. Rxg5 Kb6 49. Rg8 Nc5 50. Rd8 d3 51. Rf8 Rd6 52. g4 Rd4 53. Kc3 Rd6 54. g5 d2 55. Bd1 Ne4+ 56. Kc2 Nxg5 57. c5+ Kxc5 58. Rf5+ Rd5 59. Rxd5+ cxd5 60. Kxd2 Ne4+ 61. Ke3 Nc3 62. Bb3 Nxa2 63. Bxa2 d4+ 64. Kd3 Kd6 65. Kxd4 1/2-1/2

[Event "December 19 Late 2023"]
[Site "https://www.chess.com"]
[Date "2023.12.19"]
[Round "3"]
[White "Esipenko, Andrey"]
[Black "Dobrikov, Marco"]
[Result "0-1"]
[Board "11"]
[TimeControl "180+1"]
[WhiteFideId "24175439"]
[BlackFideId "12950378"]
[WhiteElo "2615"]
[BlackElo "2394"]
[WhiteTeam "FID"]
[BlackTeam "GER"]
[WhiteClock "0:00:00"]
[BlackClock "0:00:05"]

1. g4 d5 2. Bg2 Bxg4 3. c4 c6 4. cxd5 cxd5 5. Qb3 Nf6 6. Qxb7 Nbd7 7. d3 e6 8. Nf3 Bd6 9. Nc3 O-O 10. Qb3 Rb8 11. Qd1 e5 12. h3 Bh5 13. Nh4 d4 14. Nb1 e4 15. Nf5 Qa5+ 16. Nd2 Qxf5 17. dxe4 Qe6 18. Nb3 Bb4+ 19. Kf1 Nxe4 20. Nxd4 Qe8 21. Bf4 Bd6 22. Bxd6 Nxd6 23. b3 Nf6 24. Nc6 Nf5 25. Nxb8 Qxb8 26. Qd3 Qf4 27. Kg1 Re8 28. e3 Qg5 29. Qb5 Qg6 30. Kh2 Nh4 31. Rhg1 Nxg2 32. Rxg2 Qe4 33. Rc1 Bf3 34. Rg3 Bh5 35. Qc4 Qf5 36. Qc2 Qe5 37. Qc3 Qxc3 38. Rxc3 Ne4 39. Rc7 Nxg3 40. Kxg3 a6 41. Rc6 a5 42. Rc5 Bg6 43. Rxa5 h6 44. b4 Rc8 45. b5 Rc2 46. a4 Rb2 47. Ra6 Bd3 48. Rd6 Be2 49. Rd8+ Kh7 50. Rd4 Kg6 51. h4 f6 52. Rd7 h5 53. Rd4 Kf5 54. Rd7 g5 0-1

[Event "December 19 Late 2023"]
[Site "https://www.chess.com"]
[Date "2023.12.19"]
[Round "3"]
[White "Zhu, Jiner"]
[Black "Ivic, Velimir"]
[Result "0-1"]
[Board "12"]
[TimeControl "180+1"]
[WhiteFideId "8608059"]
[BlackFideId "950122"]
[WhiteElo "2384"]
[BlackElo "2542"]
[WhiteTeam "CHN"]
[BlackTeam "SRB"]
[WhiteClock "0:00:15"]
[BlackClock "0:01:17"]

1. d4 Nf6 2. Nf3 g6 3. g3 Bg7 4. Bg2 O-O 5. O-O d6 6. c4 c6 7. Nc3 Bf5 8. b3 Ne4 9. Bb2 Nxc3 10. Bxc3 Be4 11. Re1 Nd7 12. Bh3 Bxf3 13. exf3 e6 14. f4 d5 15. Bg2 a5 16. a4 Re8 17. h4 h5 18. Qc2 Qb6 19. Rad1 Nf6 20. Bf3 Red8 21. Rd2 Qc7 22. Red1 Qe7 23. Kg2 Ne8 24. Re1 Qd7 25. Bb2 Nd6 26. Qd1 Nf5 27. Kh2 Qc7 28. Bg2 Qb6 29. c5 Qc7 30. Bh3 Ne7 31. Rd3 b6 32. cxb6 Qxb6 33. Ba3 Qb7 34. Bxe7 Qxe7 35. f5 gxf5 36. Qxh5 Qf6 37. Rc1 Ra6 38. Qe2 Rb6 39. Rc5 Rdb8 40. Qf3 Rb4 41. Rxa5 Rxd4 42. Ra7 Rxd3 43. Qxd3 Qd4 44. Qxd4 Bxd4 45. Rc7 Rxb3 46. Rxc6 Bxf2 47. g4 fxg4 48. Bxg4 Ra3 49. a5 Rxa5 50. h5 Be3 51. Kg2 Ra4 52. Kf3 Bh6 53. Rc7 Rf4+ 54. Kg3 Rf6 55. Rb7 Kg7 56. Rd7 Kf8 57. Rb7 Rf4 58. Be2 Re4 59. Bd3 Re3+ 0-1

[Event "December 19 Late 2023"]
[Site "https://www.chess.com"]
[Date "2023.12.19"]
[Round "3"]
[White "Gunduz, Umut Erdem"]
[Black "Sanal, Vahap"]
[Result "1-0"]
[Board "13"]
[TimeControl "180+1"]
[WhiteFideId "6381383"]
[BlackFideId "6300545"]
[WhiteElo "2182"]
[BlackElo "2637"]
[WhiteTeam "TUR"]
[BlackTeam "TUR"]
[WhiteClock "0:00:10"]
[BlackClock "0:00:00"]

1. e4 e5 2. Nf3 Nc6 3. Bc4 Bc5 4. c3 Nf6 5. d3 d6 6. h3 a6 7. Bb3 Ba7 8. Nbd2 h6 9. Nf1 Be6 10. Ng3 d5 11. Qe2 O-O 12. Nh4 Ne7 13. Qf3 Ng6 14. Nhf5 Kh7 15. h4 Re8 16. Bg5 Bxf5 17. Nxf5 c6 18. Nxh6 gxh6 19. Bxf6 Qd6 20. exd5 Nf4 21. Qe4+ Kg8 22. Qf5 cxd5 23. O-O-O Qe6 24. g4 Qxf5 25. gxf5 Bxf2 26. d4 exd4 27. cxd4 Kh7 28. Rhf1 Be3+ 29. Kb1 Nh5 30. Be5 f6 31. Bh2 Rad8 32. Rd3 b5 33. Bd1 Ng7 34. Bb3 h5 35. Bc2 Bh6 36. Rc3 Rd7 37. Rc6 Re2 38. Bd6 Rg2 39. Bb4 Rg4 40. Rxf6 Rxd4 41. Bc3 Rxh4 42. Rg6 Rf7 43. f6 Kg8 44. Rxh6 Ne6 45. Rg1+ Rg4 46. Rxg4+ hxg4 47. Rg6+ Kf8 48. Rxg4 Rh7 49. Bxh7 1-0

[Event "December 19 Late 2023"]
[Site "https://www.chess.com"]
[Date "2023.12.19"]
[Round "3"]
[White "Goltsev, Dmitry"]
[Black "Khismatullin, Denis"]
[Result "0-1"]
[Board "14"]
[TimeControl "180+1"]
[WhiteFideId "24176710"]
[BlackFideId "4142578"]
[WhiteElo "2370"]
[BlackElo "2552"]
[WhiteTeam "RUS"]
[BlackTeam "RUS"]
[WhiteClock "0:00:04"]
[BlackClock "0:00:25"]

1. e4 c5 2. Nf3 e6 3. d4 cxd4 4. Nxd4 Nf6 5. Nc3 Nc6 6. Be2 Bb4 7. Qd3 d5 8. exd5 Nxd5 9. Bd2 Nxd4 10. Qxd4 Qf6 11. Bb5+ Bd7 12. Bxd7+ Kxd7 13. Qd3 Qe5+ 14. Kf1 Bxc3 15. Bxc3 Qd6 16. Qb5+ Qc6 17. Qxc6+ Kxc6 18. Bxg7 Rhg8 19. Bd4 b5 20. c3 f6 21. g3 e5 22. Be3 Nxe3+ 23. fxe3 h5 24. Ke2 Kd5 25. Rhf1 Ke6 26. a4 a6 27. Ra3 h4 28. gxh4 Rg2+ 29. Rf2 Rxf2+ 30. Kxf2 Rh8 31. Kg3 Kf5 32. axb5 axb5 33. Ra6 Rh6 34. Rb6 Ke4 35. Rxb5 Kxe3 36. Kg4 e4 37. Rb8 Kf2 38. Re8 e3 39. b4 e2 40. c4 Rh8 41. Re6 f5+ 42. Kxf5 Rxh4 43. c5 Rxb4 44. c6 Rc4 45. h4 Rxc6 46. Rxe2+ Kxe2 47. h5 Kf3 48. Kg5 Rc5+ 49. Kg6 Kg4 50. h6 Rc6+ 51. Kg7 Kg5 52. h7 Rc7+ 53. Kg8 Kg6 54. h8=Q Rc8# 0-1

[Event "December 19 Late 2023"]
[Site "https://www.chess.com"]
[Date "2023.12.19"]
[Round "3"]
[White "Sjugirov, Sanan"]
[Black "Annaberdiyev, Meylis"]
[Result "1-0"]
[Board "15"]
[TimeControl "180+1"]
[WhiteFideId "4189302"]
[BlackFideId "14000563"]
[WhiteElo "2569"]
[BlackElo "2405"]
[WhiteTeam "HUN"]
[BlackTeam "TKM"]
[WhiteClock "0:00:04"]
[BlackClock "0:00:00"]

1. e4 c5 2. Nf3 Nc6 3. Bb5 d6 4. O-O Bd7 5. Re1 Nf6 6. h3 a6 7. Bf1 e6 8. c3 Rc8 9. d4 cxd4 10. cxd4 d5 11. e5 Ne4 12. Nbd2 Nxd2 13. Bxd2 Be7 14. g3 Qb6 15. Bc3 Na7 16. Qd2 Nc6 17. h4 h6 18. Rac1 O-O 19. Bd3 f5 20. exf6 Rxf6 21. Nh2 e5 22. Bc2 Rcf8 23. Bb3 Rxf2 24. Bxd5+ Kh8 25. Qd3 exd4 26. Bd2 Nb4 27. Bxb4 Bxb4 28. Rf1 Qf6 29. Nf3 Rxf1+ 30. Rxf1 Bc5 31. Kg2 Bb5 32. Bc4 Bc6 33. Qe2 d3 34. Bxd3 Bd4 35. Bc2 Bxb2 36. Qd3 g6 37. Qe3 Kg7 38. Qe2 Bc3 39. Bd3 Bd4 40. Bc2 Bc3 41. Bd3 Re8 42. Qc2 Re3 43. Be2 Be4 44. Qd1 g5 45. hxg5 hxg5 46. Qd7+ Qf7 47. Qxf7+ Kxf7 48. Kf2 Rxe2+ 49. Kxe2 Bd5 50. Nxg5+ Ke7 51. Kd3 Bf6 52. Ne4 1-0

[Event "December 19 Late 2023"]
[Site "https://www.chess.com"]
[Date "2023.12.19"]
[Round "3"]
[White "Kucza, Karol"]
[Black "Drygalov, Sergey"]
[Result "0-1"]
[Board "16"]
[TimeControl "180+1"]
[WhiteFideId "1159755"]
[BlackFideId "24171743"]
[WhiteElo "2307"]
[BlackElo "2504"]
[WhiteTeam "POL"]
[BlackTeam "RUS"]
[WhiteClock "0:00:03"]
[BlackClock "0:00:13"]

1. e4 c5 2. Nf3 d6 3. d4 cxd4 4. Nxd4 Nf6 5. Nc3 a6 6. Bg5 Nbd7 7. Bc4 Qb6 8. Bb3 e6 9. Bxf6 Nxf6 10. Qd2 Be7 11. O-O-O O-O 12. f4 Qc5 13. Rhf1 b5 14. f5 e5 15. Nde2 Bb7 16. Nd5 Bxd5 17. Bxd5 Rac8 18. Qc3 Qb6 19. Qf3 Rc5 20. Bb3 a5 21. Nc3 Rfc8 22. Rd2 a4 23. Bd5 Qa5 24. Kb1 b4 25. Ne2 b3 26. Nc3 Nxd5 27. Rxd5 bxa2+ 28. Kxa2 a3 29. Rxc5 Rxc5 30. Nd5 axb2+ 31. Qa3 Qd8 32. Kxb2 Bg5 33. Qb3 h6 34. Ra1 Bd2 35. Ra7 Qe8 36. Qb7 Rb5+ 37. Ka2 Rxb7 38. Rxb7 Qa4+ 39. Kb2 Qxe4 40. Ne7+ Kh7 41. f6 Qxb7+ 0-1

[Event "December 19 Late 2023"]
[Site "https://www.chess.com"]
[Date "2023.12.19"]
[Round "3"]
[White "Svane, Rasmus"]
[Black "Solon, Nathan"]
[Result "1-0"]
[Board "17"]
[TimeControl "180+1"]
[WhiteFideId "4657101"]
[BlackFideId "2017229"]
[WhiteElo "2597"]
[BlackElo "2663"]
[WhiteTeam "GER"]
[BlackTeam "USA"]
[WhiteClock "0:01:05"]
[BlackClock "0:00:06"]

1. Nf3 d5 2. g3 c6 3. Bg2 Bg4 4. O-O Nd7 5. h3 Bxf3 6. Bxf3 Ngf6 7. d3 e6 8. e4 dxe4 9. dxe4 h5 10. Be2 h4 11. g4 Nxe4 12. Bf3 Nef6 13. Nd2 Bc5 14. Nb3 Bb6 15. Bf4 Bc7 16. Be3 Qe7 17. Kg2 Nd5 18. Qe2 O-O 19. Rad1 Rfe8 20. c4 Nxe3+ 21. fxe3 Rad8 22. Nd2 Qd6 23. Kh1 Qe5 24. Ne4 Nc5 25. Nxc5 Qxc5 26. Be4 Qe5 27. Bd3 Qg3 28. Rf3 Qe5 29. Rdf1 Re7 30. Bb1 g6 31. Qf2 Rdd7 32. b4 Qc3 33. Bxg6 fxg6 34. Rf8+ Kg7 35. Qxh4 1-0

[Event "December 19 Late 2023"]
[Site "https://www.chess.com"]
[Date "2023.12.19"]
[Round "3"]
[White "Manukyan, Sargis A."]
[Black "Rasulov, Vugar"]
[Result "0-1"]
[Board "18"]
[TimeControl "180+1"]
[WhiteFideId "13303970"]
[BlackFideId "13402390"]
[WhiteElo "2186"]
[BlackElo "2517"]
[WhiteTeam "ARM"]
[BlackTeam "AZE"]
[WhiteClock "0:00:00"]
[BlackClock "0:00:30"]

1. d4 Nf6 2. c4 e6 3. Nc3 d5 4. cxd5 exd5 5. Bg5 Nbd7 6. e3 Be7 7. Bd3 c6 8. Qc2 Nf8 9. Nf3 Ne6 10. Bh4 g6 11. O-O Ng7 12. Bxf6 Bxf6 13. b4 O-O 14. b5 Bg4 15. Nd2 Bf5 16. Bxf5 Nxf5 17. bxc6 bxc6 18. Na4 Rc8 19. Rab1 Re8 20. Rb7 Re7 21. Rfb1 h5 22. Nc5 Nd6 23. Rxe7 Qxe7 24. h3 Kg7 25. Qd3 Rc7 26. Rb8 Nf5 27. Ndb3 Qd6 28. Ra8 Re7 29. Qa6 Nxd4 30. Rxa7 Rxa7 31. Qxa7 Ne2+ 32. Kf1 Nc3 33. g3 h4 34. Kg2 hxg3 35. fxg3 Ne2 36. Kf2 Nxg3 37. Qd7 Qe5 38. Ne6+ Qxe6 39. Qxe6 Nh1+ 40. Kg2 fxe6 41. a4 Kf7 42. a5 Bd8 43. a6 Bb6 44. Nd4 c5 45. Nb5 c4 46. e4 Kf6 47. exd5 exd5 48. Kxh1 Ke5 49. a7 Bxa7 50. Nxa7 c3 51. Nc6+ Ke4 52. Nb4 d4 53. Kg2 d3 54. Kf2 c2 55. Na2 d2 56. Nc3+ Kd3 57. Ne2 c1=Q 58. Nxc1+ dxc1=Q 0-1

[Event "December 19 Late 2023"]
[Site "https://www.chess.com"]
[Date "2023.12.19"]
[Round "3"]
[White "Tari, Aryan"]
[Black "Taboas Rodriguez, Daniel"]
[Result "1-0"]
[Board "19"]
[TimeControl "180+1"]
[WhiteFideId "1510045"]
[BlackFideId "2208466"]
[WhiteElo "2577"]
[BlackElo "2365"]
[WhiteTeam "NOR"]
[BlackTeam "ESP"]
[WhiteClock "0:00:42"]
[BlackClock "0:00:15"]

1. e4 e5 2. Nf3 Nc6 3. Bb5 Nf6 4. d4 Nxd4 5. Nxd4 c6 6. Bc4 exd4 7. Qxd4 Qb6 8. Qd3 Bc5 9. O-O O-O 10. Nc3 Qc7 11. h3 h6 12. Qf3 Qe5 13. Bf4 Qh5 14. g4 Qg6 15. e5 d5 16. Bd3 Bxg4 17. hxg4 Qxg4+ 18. Qxg4 Nxg4 19. Bf5 h5 20. Kg2 Rae8 21. Rae1 Bd4 22. Bxg4 hxg4 23. Kg3 Re6 24. Kxg4 Rfe8 25. Bg3 f6 26. f4 fxe5 27. fxe5 Bxe5 28. Bxe5 Rxe5 29. Rxe5 Rxe5 30. Rf2 b5 31. Ne2 c5 32. Ng3 d4 33. Rf5 Rxf5 34. Kxf5 Kf7 35. Ne4 g6+ 36. Ke5 c4 37. Kxd4 Ke6 38. a4 bxa4 39. Kxc4 Ke5 40. Kd3 Kd5 41. c4+ Ke5 42. Ke3 a5 43. Kd3 Kf4 44. Kd4 g5 45. Nxg5 Kxg5 46. Ke5 1-0

[Event "December 19 Late 2023"]
[Site "https://www.chess.com"]
[Date "2023.12.19"]
[Round "3"]
[White "Sturt, Raven"]
[Black "Kovalev, Vladislav"]
[Result "0-1"]
[Board "20"]
[TimeControl "180+1"]
[WhiteFideId "2007304"]
[BlackFideId "13504398"]
[WhiteElo "2408"]
[BlackElo "2539"]
[WhiteTeam "USA"]
[BlackTeam "FID"]
[WhiteClock "0:00:00"]
[BlackClock "0:00:06"]

1. f4 Nh6 2. Nf3 d5 3. d3 g6 4. Qd2 d4 5. c3 c5 6. cxd4 cxd4 7. Na3 Nc6 8. g3 Bg7 9. Bg2 O-O 10. O-O Nf5 11. Nc2 h5 12. b4 Ne3 13. b5 Nxf1 14. Kxf1 Nb8 15. Bb2 a6 16. a4 axb5 17. axb5 Rxa1+ 18. Bxa1 Qb6 19. Qb4 Bg4 20. Nfxd4 e5 21. h3 Bd7 22. Nb3 Rc8 23. Na3 Na6 24. Nc4 Qxb5 25. Qxb5 Bxb5 26. Nd6 Nc5 27. Nxc8 Nxb3 28. Bc3 exf4 29. Bxg7 Kxg7 30. gxf4 Ba6 31. Nd6 b6 32. Bd5 Nd4 33. Bxf7 Kf6 34. Bc4 b5 35. Bd5 b4 36. Kf2 b3 37. Ne4+ Ke7 38. Nd2 b2 39. e3 Nc2 40. Ba2 Bxd3 41. Bb1 Nb4 42. Bxd3 Nxd3+ 43. Ke2 Nc5 44. Kd1 Ne4 45. Nb1 Nf2+ 46. Kc2 Nxh3 47. Kxb2 h4 48. Nd2 Nf2 49. Nf3 h3 50. Kc2 Ng4 51. Kd3 h2 52. Nxh2 Nxh2 53. e4 Kf6 54. Ke3 Ng4+ 55. Kf3 Nh6 56. Kg3 Nf7 57. Kg4 Nh6+ 58. Kf3 Ke6 59. f5+ Nxf5 0-1

[Event "December 19 Late 2023"]
[Site "https://www.chess.com"]
[Date "2023.12.19"]
[Round "3"]
[White "Dardha, Daniel"]
[Black "User234564"]
[Result "1-0"]
[Board "21"]
[TimeControl "180+1"]
[WhiteFideId "240990"]
[WhiteElo "2568"]
[BlackElo "2651"]
[WhiteTeam "BEL"]
[WhiteClock "0:00:30"]
[BlackClock "0:00:05"]

1. Nf3 Nf6 2. c4 g6 3. Nc3 Bg7 4. e4 d6 5. d4 O-O 6. Be2 e5 7. d5 a5 8. Bg5 h6 9. Be3 Ng4 10. Bd2 f5 11. h3 Nf6 12. exf5 gxf5 13. Qc1 e4 14. Nh4 Nxd5 15. Nxd5 Qxh4 16. Nxc7 f4 17. Nxa8 e3 18. Bc3 Qxf2+ 19. Kd1 Qxg2 20. Re1 f3 21. Qxe3 fxe2+ 22. Rxe2 Qg6 23. Kd2 Bxc3+ 24. bxc3 Kh7 25. Rg1 Qf5 26. Nb6 Nc6 27. Nxc8 Ne5 28. Nxd6 Nf3+ 29. Kc1 Qf6 30. Qe7+ Kh8 31. Qxf6+ Rxf6 32. Re8+ Kh7 33. Re7+ Kh8 34. Rd1 Ng5 35. h4 Ne6 36. Nxb7 Nf4 37. c5 1-0

[Event "December 19 Late 2023"]
[Site "https://www.chess.com"]
[Date "2023.12.19"]
[Round "3"]
[White "Zakhartsov, Vladimir"]
[Black "Janaszak, Dawid"]
[Result "1-0"]
[Board "22"]
[TimeControl "180+1"]
[WhiteFideId "4145097"]
[BlackFideId "1119206"]
[WhiteElo "2448"]
[BlackElo "2218"]
[WhiteTeam "RUS"]
[BlackTeam "POL"]
[WhiteClock "0:00:12"]
[BlackClock "0:00:00"]

1. d4 d5 2. c4 e6 3. Nf3 c5 4. cxd5 exd5 5. Nc3 Nc6 6. g3 cxd4 7. Nxd4 Nf6 8. Bg2 Be7 9. O-O O-O 10. Bg5 h6 11. Bf4 a6 12. Rc1 Re8 13. Na4 Bd7 14. Nb3 b6 15. Nc3 Be6 16. Nxd5 Bxd5 17. Rxc6 Bxc6 18. Bxc6 Qxd1 19. Rxd1 Red8 20. Rb1 Rac8 21. Bb7 Rc4 22. Bxa6 Ra4 23. Bd3 Rxa2 24. Be3 Nd5 25. Bd4 Bf6 26. Bc4 Ra4 27. Bxd5 Bxd4 28. e4 Rb4 29. Rd1 Bf6 30. Rd3 Kf8 31. Rf3 Rd7 32. Nc1 Rxb2 33. Nd3 Rb1+ 34. Kg2 Bd8 35. Ne5 Rc7 36. Nxf7 Bf6 37. e5 Rxf7 38. Bxf7 Kxf7 39. exf6 gxf6 40. g4 Kg6 41. Rf5 b5 42. h4 b4 43. Rb5 b3 44. Kf3 Rh1 45. h5+ Kg7 46. Kf4 Rb1 47. Rb7+ Kg8 48. Kf5 Rf1 49. Kg6 1-0

[Event "December 19 Late 2023"]
[Site "https://www.chess.com"]
[Date "2023.12.19"]
[Round "3"]
[White "Maksimovic, Bojan"]
[Black "Chor, Kevin"]
[Result "1-0"]
[Board "23"]
[TimeControl "180+1"]
[WhiteFideId "14408120"]
[BlackFideId "2090740"]
[WhiteElo "2527"]
[BlackElo "2641"]
[WhiteTeam "BIH"]
[BlackTeam "USA"]
[WhiteClock "0:00:58"]
[BlackClock "0:00:12"]

1. a3 g6 2. e4 Bg7 3. d4 d6 4. Nc3 Nd7 5. Nf3 c5 6. d5 a6 7. a4 Ngf6 8. Be2 O-O 9. O-O Rb8 10. Re1 Ne8 11. a5 Nc7 12. Nd2 e6 13. Nc4 Ne5 14. Nb6 exd5 15. Ncxd5 Nxd5 16. Nxd5 Be6 17. c3 Nc6 18. Qa4 Ne7 19. Bg5 f6 20. Nxe7+ Qxe7 21. Bf4 Rbd8 22. Rad1 Kh8 23. Bc4 Bd7 24. Qb3 Bc6 25. Bd5 Qc7 26. Qb6 Qxb6 27. axb6 Bxd5 28. Rxd5 Rf7 29. Red1 f5 30. exf5 Rxf5 31. Rxf5 gxf5 32. Rxd6 Re8 33. Kf1 1-0

[Event "December 19 Late 2023"]
[Site "https://www.chess.com"]
[Date "2023.12.19"]
[Round "3"]
[White "Cremisi, Daniel"]
[Black "Zhigalko, Sergei"]
[Result "0-1"]
[Board "24"]
[TimeControl "180+1"]
[WhiteFideId "2089882"]
[BlackFideId "13502956"]
[WhiteElo "2172"]
[BlackElo "2616"]
[WhiteTeam "USA"]
[BlackTeam "BLR"]
[WhiteClock "0:01:27"]
[BlackClock "0:01:02"]

1. d4 Nf6 2. c4 e6 3. Nf3 b6 4. g3 Ba6 5. Qc2 Bb4+ 6. Bd2 Be7 7. Bg2 O-O 8. O-O c6 9. b3 d5 10. Ne5 Nfd7 11. Nd3 Nf6 12. Rc1 Nbd7 13. Nb4 Bxb4 14. Bxb4 c5 15. dxc5 bxc5 16. Bc3 d4 17. Bb2 Rb8 18. Nd2 Bb7 19. Bxb7 Rxb7 20. Rd1 Qa8 21. Ne4 e5 22. Nxf6+ Nxf6 23. Qf5 Re7 24. e3 Rfe8 25. b4 cxb4 26. exd4 exd4 27. Bxd4 Ne4 28. Qg4 f6 29. Re1 Nxg3 0-1

[Event "December 19 Late 2023"]
[Site "https://www.chess.com"]
[Date "2023.12.19"]
[Round "3"]
[White "Melkumyan, Hrant"]
[Black "Saveliev, Alexei"]
[Result "1-0"]
[Board "25"]
[TimeControl "180+1"]
[WhiteFideId "13302485"]
[BlackFideId "24128546"]
[WhiteElo "2604"]
[BlackElo "2257"]
[WhiteTeam "ARM"]
[BlackTeam "RUS"]
[WhiteClock "0:00:02"]
[BlackClock "0:00:00"]

1. Nf3 g6 2. e4 Bg7 3. d4 d6 4. Nc3 Nc6 5. Be3 Nf6 6. h3 O-O 7. Be2 e5 8. dxe5 Nxe5 9. Nxe5 dxe5 10. O-O Be6 11. Qc1 Qe7 12. a4 Nd7 13. a5 a6 14. Rd1 Rad8 15. Ra4 Nb8 16. Bc4 Rxd1+ 17. Qxd1 Rd8 18. Qf1 Nc6 19. Nd5 Qd6 20. b4 Nd4 21. c3 c6 22. Nb6 Nb5 23. Bxe6 Qxe6 24. c4 Nc3 25. Ra1 Nxe4 26. Re1 f5 27. b5 cxb5 28. cxb5 axb5 29. Qxb5 f4 30. Bc1 Nc3 31. Qb4 Qc6 32. Bb2 e4 33. Bxc3 Qxc3 34. Rxe4 Be5 35. Qc4+ Kg7 36. Qxc3 Bxc3 37. Nc4 Rd5 38. Re7+ Kh6 39. Rxb7 Bxa5 40. h4 Bc3 41. Re7 Bf6 42. Re4 Bxh4 43. Rxf4 Bg5 44. Re4 Bf6 45. Ne3 Rd4 46. Re6 Kg7 47. Rc6 Rh4 48. g3 Re4 49. Kg2 Bd4 50. Nd5 Re2 51. Rc7+ Kh6 52. Rf7 Rd2 53. Ne7 Be5 54. Nc6 Bg7 55. Kh3 g5 56. Ne7 1-0

[Event "December 19 Late 2023"]
[Site "https://www.chess.com"]
[Date "2023.12.19"]
[Round "3"]
[White "Karttunen, Mika"]
[Black "Popov, Konstantin"]
[Result "0-1"]
[Board "26"]
[TimeControl "180+1"]
[WhiteFideId "502081"]
[BlackFideId "34137910"]
[WhiteElo "2396"]
[BlackElo "2340"]
[WhiteTeam "FIN"]
[BlackTeam "FID"]
[WhiteClock "0:00:02"]
[BlackClock "0:00:07"]

1. e4 c5 2. Nf3 d6 3. d4 Nf6 4. Nc3 cxd4 5. Nxd4 a6 6. f3 e5 7. Nb3 Be6 8. Be3 h5 9. Qd2 Nbd7 10. Nd5 Bxd5 11. exd5 g6 12. c4 b6 13. Be2 a5 14. Rc1 Bg7 15. h3 h4 16. Bg5 Rh5 17. f4 Rxg5 18. fxg5 Ne4 19. Qe3 Nxg5 20. O-O f5 21. Nd4 Qf6 22. Ne6 Nxe6 23. dxe6 Qxe6 24. Rcd1 e4 25. b3 Ke7 26. Qg5+ Qf6 27. Qf4 Rd8 28. Rd5 Qe6 29. Kh1 Bf6 30. Qh6 Ne5 31. Rfd1 Kf7 32. Qh7+ Kf8 33. Qc7 Be7 34. Qxb6 f4 35. Qf2 g5 36. Rxa5 Kg7 37. Ra7 Rf8 38. c5 d5 39. Qd4 f3 40. Bf1 Rd8 41. c6 Kf7 42. c7 Rc8 43. Qxd5 Qxd5 44. Rxd5 Ke6 45. Rd4 Bc5 46. Ra6+ Kf5 47. Rd5 Rxc7 48. gxf3 exf3 49. Bd3+ Kf4 50. Rf6+ Kg3 51. Be4 Be3 52. Bxf3 Nxf3 53. Rd1 Rc2 0-1

[Event "December 19 Late 2023"]
[Site "https://www.chess.com"]
[Date "2023.12.19"]
[Round "3"]
[White "Szpar, Milosz"]
[Black "Rojas Alarcon, Julian Antonio"]
[Result "1-0"]
[Board "27"]
[TimeControl "180+1"]
[WhiteFideId "1184989"]
[BlackFideId "5107407"]
[WhiteElo "2446"]
[BlackElo "2340"]
[WhiteTeam "POL"]
[BlackTeam "MEX"]
[WhiteClock "0:00:05"]
[BlackClock "0:00:00"]

1. e4 c5 2. Nf3 d6 3. d4 cxd4 4. Nxd4 Nf6 5. Nc3 g6 6. Be2 Bg7 7. O-O O-O 8. Re1 Nc6 9. Nb3 Be6 10. Bf1 a5 11. a4 Nb4 12. Bg5 Rc8 13. Qd2 Re8 14. Nd4 Bc4 15. Ndb5 Bxf1 16. Kxf1 Ng4 17. h3 Ne5 18. b3 Qd7 19. Rac1 Rc5 20. Nd5 Nxd5 21. exd5 h6 22. Be3 Rcc8 23. Qxa5 g5 24. Qd2 Qf5 25. Nd4 Qg6 26. f4 gxf4 27. Bxf4 Rc5 28. Bxe5 dxe5 29. Nb5 e4 30. c4 e6 31. b4 Rcc8 32. Nd6 exd5 33. Nxe8 Rxe8 34. cxd5 Qf5+ 35. Kg1 Be5 36. Rf1 Qg6 37. Qe3 Bd6 38. Kh1 f5 39. Rc3 f4 40. Qe2 Re5 41. Rc8+ Re8 42. Rxe8+ Qxe8 43. Qg4+ Kh8 44. Qe6 Qxe6 45. dxe6 e3 46. e7 Bxe7 47. Rxf4 e2 48. Re4 Bxb4 49. Rxe2 Kg7 50. Rb2 1-0

[Event "December 19 Late 2023"]
[Site "https://www.chess.com"]
[Date "2023.12.19"]
[Round "3"]
[White "Mahdavi, Reza"]
[Black "Sivakumar, Shaaketh"]
[Result "1-0"]
[Board "28"]
[TimeControl "180+1"]
[WhiteFideId "12595926"]
[BlackFideId "30940176"]
[WhiteElo "2426"]
[BlackElo "2292"]
[WhiteTeam "IRI"]
[BlackTeam "USA"]
[WhiteClock "0:00:49"]
[BlackClock "0:00:00"]

1. e4 e6 2. d4 d5 3. Nd2 c5 4. Ngf3 Nc6 5. exd5 exd5 6. Bb5 Qe7+ 7. Qe2 Qxe2+ 8. Kxe2 a6 9. Bxc6+ bxc6 10. dxc5 Bxc5 11. Nb3 Bd6 12. h3 a5 13. Be3 Ba6+ 14. Kd2 Ne7 15. Rae1 f6 16. Bc5 Kd7 17. Nfd4 Bc8 18. Re6 Bxc5 19. Nxc5+ Ke8 20. Re3 Kf7 21. Rhe1 Nf5 22. Nxf5 Bxf5 23. Re7+ Kg6 24. g4 Bc8 25. f4 h5 26. f5+ Kh6 27. Rc7 g6 28. Rxc6 hxg4 29. hxg4 gxf5 30. gxf5 Bxf5 31. Rxf6+ Kg5 32. Rc6 Rh2+ 33. Re2 Rah8 34. Ne6+ Kg4 35. Nd4 Be4 36. Rc7 Rxe2+ 37. Nxe2 Rh1 38. Rg7+ Kf3 39. Rf7+ Kg4 40. a3 Rh2 41. b4 axb4 42. axb4 Rh6 43. b5 Rh1 44. Rg7+ Kf3 45. b6 Rb1 46. Nd4+ Kf4 47. Nb3 Rb2 48. b7 Rxc2+ 49. Kd1 Rc3 50. b8=Q+ Ke3 51. Rg3+ 1-0